 Dungeon Crawl Stone Soup version 0.29.1-4-g47bece8355 (webtiles) character file.

Game seed: 2911998638515487880

324284 croobank the Gelid (level 20, -15/138 (162) HPs)
             Began as a Demonspawn Conjurer on Dec 10, 2022.
             Was an Initiate of Gozag.
             Killed from afar by an eidolon (28 damage)
             ... with a bolt of negative energy
             ... on level 2 of the Vaults on Dec 11, 2022.
             The game lasted 05:26:30 (86524 turns).

croobank the Gelid (Demonspawn Conjurer)           Turns: 86524, Time: 05:26:31

HP:   -15/138 (162) AC: 15    Str:  8      XL:     20   Next: 71%
MP:   14/39         EV: 16    Int: 28      God:    Gozag
Gold: 12457         SH:  8    Dex: 13 (14) Spells: 11/50 levels left

rFire   + + .      SeeInvis +   W - +3 scimitar (flame)
rCold   + + +      Faith    .   C - +3 buckler {rC+ rF+}
rNeg    . . .      Spirit   .   J - +2 robe {rC+ rF+}
rPois   +          Reflect  .   s - +2 helmet
rElec   .          Harm     .   x - +2 cloak {Stlth+}
rCorr   +          Rampage  +   o - +0 pair of gloves of Gourefe Zubb {rPois Will+}
Will    ++++.                   (boots unavailable)
Stlth   +++++++...              i - amulet of Ascent {RegenMP Rampage Int+2 Stlth+}
HPRegen 0.33/turn               P - ring of Ijir {Will+ rCorr Slay+3}
MPRegen 0.66/turn               Z - ring of see invisible

@: gold aura, slowed, heavily drained, very slow
A: hooves 3, icy blue scales 3, powered by pain 2, spiny 2, corrupting presence
2, word of chaos, strong-willed 1
}: 2/15 runes: decaying, serpentine
a: Word of Chaos, Renounce Religion, Potion Petition, Call Merchant, Bribe
Branch


You were on level 2 of the Vaults.
You worshipped Gozag.
Gozag was extremely pleased with you.
You visited 9 branches of the dungeon, and saw 36 of its levels.
You also visited: Bailey.

You collected 18034 gold pieces.
You spent 3447 gold pieces at shops.
You paid 2130 gold pieces to Gozag.

Inventory:

Hand Weapons
 c - a +7 dagger of speed
 E - the +5 flail of True Grit {freeze, Str-5 SInv Stlth+}
   (You found it on level 9 of the Dungeon)

   It freezes those it strikes, dealing additional cold damage.
   It can also slow down cold-blooded creatures.
   Str:       It affects your strength (-5).
   SInv:      It lets you see invisible.
   Stlth:     It makes you more stealthy.
 U - the +6 morningstar of Propriety {vorpal, rC+ Int+4}
   (You found it in a bailey)

   It inflicts extra damage upon your enemies.
   Int:       It affects your intelligence (+4).
   rC:        It protects you from cold.
 W - a +3 scimitar of flaming (weapon)
Missiles
 u - 4 throwing nets (quivered)
 D - 6 silver javelins
Armour
 o - the +0 pair of gloves of Gourefe Zubb (worn) {rPois Will+}
   (You acquired it on level 2 of the Snake Pit)

   rPois:     It protects you from poison.
   Will:      It increases your willpower.
 s - a +2 helmet (worn)
 x - a +2 cloak of stealth (worn)
 C - a +3 buckler of resistance (worn)
 J - a +2 robe of resistance (worn)
Magical Staves
 n - a staff of conjuration
 A - a staff of air
 V - a staff of cold
Jewellery
 i - the amulet of Ascent (around neck) {RegenMP Rampage Int+2 Stlth+}
   (You bought it in a shop on level 2 of the Orcish Mines)

   [amulet of magic regeneration]

   It increases your rate of magic regeneration.
   Int:       It affects your intelligence (+2).
   Rampage:   It bestows one free step when moving towards enemies.
   Stlth:     It makes you more stealthy.
 p - a +4 ring of protection
 M - a +6 ring of intelligence
 P - the ring of Ijir (left hand) {Will+ rCorr Slay+3}
   (You found it on level 2 of the Lair of Beasts)

   [ring of resist corrosion]

   Slay:      It affects your accuracy & damage with ranged weapons and melee
   (+3).
   rCorr:     It protects you from acid and corrosion.
   Will:      It increases your willpower.
 Z - a ring of see invisible (right hand)
Wands
 g - a wand of quicksilver (2)
 r - a wand of digging (24)
 y - a wand of flame (42)
 F - a wand of mindburst (31)
 G - a wand of roots (11)
Scrolls
 b - 2 scrolls of silence
 d - 15 scrolls of teleportation
 f - 8 scrolls of fog
 j - 6 scrolls of immolation
 k - 2 scrolls of magic mapping
 m - 2 scrolls of blinking
 L - 2 scrolls of poison
 O - 2 scrolls of summoning
 Q - 2 scrolls of fear
 S - 2 scrolls of vulnerability
Potions
 a - a potion of magic
 e - 5 potions of cancellation
 h - 8 potions of attraction
 l - 2 potions of brilliance
 t - 2 potions of heal wounds
 v - 9 potions of lignification
 w - 2 potions of invisibility
 z - 8 potions of haste
 B - 2 potions of might
 I - 3 potions of berserk rage
 K - 2 potions of flight
 N - 2 potions of ambrosia
 R - 20 potions of curing
 X - 2 potions of mutation
 Y - a potion of resistance
Miscellaneous
 q - a phial of floods
 T - a lightning rod (4/4)


   Skills:
 - Level 15.0 Fighting
 - Level 7.0 Staves
 + Level 11.5 Dodging
 - Level 11.0 Stealth
 - Level 4.4 Shields
 + Level 15.6 Spellcasting
 - Level 11.5 Conjurations
 - Level 8.0 Hexes
 - Level 5.0 Translocations
 - Level 8.0 Transmutations
 + Level 17.6 Ice Magic
 - Level 8.0 Evocations


You had 11 spell levels left.
You knew the following spells:

 Your Spells              Type           Power      Damage    Failure   Level
a - Magic Dart            Conj           100%       1d8       1%          1
b - Searing Ray           Conj           100%       2d8       1%          2
c - Dazzling Flash        Conj/Hex       100%       N/A       1%          3
d - Iskenderun's Mystic   Conj/Tloc      62%        2d13      1%          4
e - Ozocubu's Refrigerat  Ice            44%        4d17      1%          7
f - Yara's Violent Unrav  Hex/Tmut       30%        3d13      3%          5
g - Tukima's Dance        Hex            61%        N/A       1%          3
h - Mephitic Cloud        Conj/Pois/Air  43%        N/A       1%          3
i - Swiftness             Air            21%        N/A       9%          3
j - Ignite Poison         Fire/Tmut/Pois 36%        N/A       2%          3
k - Summon Forest         Summ/Tloc      17%        N/A       28%         5

Your spell library contained the following spells:

 Spells                   Type           Power      Damage    Failure   Level
 Foxfire                  Conj/Fire      100%       2x1d9     1%          1
 Shock                    Conj/Air       100%       1d9       1%          1
 Blink                    Tloc           98%        N/A       1%          2
 Confusing Touch          Hex            61%        N/A       1%          3
 Conjure Flame            Conj/Fire      53%        6-21      1%          3
 Gell's Gravitas          Tloc           49%        N/A       1%          3
 Inner Flame              Hex/Fire       44%        N/A       1%          3
 Lesser Beckoning         Tloc           49%        N/A       1%          3
 Portal Projectile        Hex/Tloc       100%       N/A       1%          3
 Summon Guardian Golem    Hex/Summ       44%        N/A       1%          3
 Teleport Other           Tloc           49%        N/A       1%          3
 Fulminant Prism          Conj/Hex       33%        3d16      1%          4
 Summon Ice Beast         Ice/Summ       64%        N/A       1%          4
 Summon Small Mammal      Summ           84%        N/A       2%          1
 Flame Wave               Conj/Fire      53%        2d13      2%          4
 Sticky Flame             Conj/Fire      53%        2d7       2%          4
 Blade Hands              Tmut           30%        N/A       3%          5
 Scorch                   Fire           42%        2d7       4%          2
 Call Canine Familiar     Summ           21%        N/A       9%          3
 Manifold Assault         Tloc           49%        N/A       10%         5
 Alistair's Intoxication  Tmut/Pois      29%        N/A       16%         5
 Airstrike                Air            10%        2d(2-18)  28%         4
 Animate Armour           Summ/Erth      42%        N/A       28%         4
 Dispel Undead            Necr           21%        3d11      28%         4
 Olgreb's Toxic Radiance  Pois           21%        N/A       28%         4
 Iron Shot                Conj/Erth      26%        9d6       38%         6
 Dispersal                Tloc           24%        N/A       50%         6
 Borgnjor's Vile Clutch   Necr/Erth      10%        N/A       61%         5
 Eringya's Noxious Bog    Tmut/Pois      22%        N/A       63%         6
 Statue Form              Tmut/Erth      29%        N/A       63%         6
 Enfeeble                 Hex            30%        N/A       65%         7
 Death Channel            Necr           10%        N/A       99%         6
 Summon Cactus Giant      Summ           10%        N/A       99%         6
 Storm Form               Tmut/Air       22%        N/A       99%         7
 Haunt                    Necr/Summ      10%        N/A       100%        7
 Malign Gateway           Summ/Tloc      17%        N/A       100%        7
 Disjunction              Tloc           24%        N/A       100%        8
 Infestation              Necr           10%        N/A       100%        8
 Animate Dead             Necr           Unusable   N/A       N/A         4
 Corpse Rot               Necr/Pois/Air  Unusable   N/A       N/A         4

Dungeon Overview and Level Annotations

Branches:
Dungeon (15/15)            Temple (1/1) D:6            Lair (5/5) D:9
  Swamp (4/4) Lair:2        Snake (4/4) Lair:3        Slime (0/5) Lair:4
    Orc (2/2) D:11            Elf (2/3) Orc:2        Vaults (2/5) D:13
 Depths (1/4) D:15         Bailey (visited)
  Crypt: Vaults:2-3

Altars:
Ashenzari
Cheibriados
Dithmenos
Fedhas
Gozag
Hepliaklqana
Kikubaaqudgha
Makhleb
Nemelex Xobeh
Okawaru
Qazlal
Ru
Sif Muna
Trog
Uskayaw
Vehumet
Wu Jian
Xom
Yredelemnul
Jiyva
Lugonu

Shops:
D:11 *   Orc:1 (   Orc:2 ([*=!   Elf:1 =:=*   Lair:3 :   Snake:2 ?
Snake:4 ([*

Portals:
Abyss: Lair:5
Ziggurat: Depths:1
Trove: D:12 (show abyssal rune of Zot)

Annotations:
Snake:2 3 runed translucent doors, Rudyous's ghost, journeyman MiFi
Snake:3 Vashnia
Vaults:1 1 transporter


Innate Abilities, Weirdness & Mutations

You have hooves in place of feet.
You are completely covered in icy blue scales. (AC +4, rC+)
You sometimes gain power by taking damage.
You are mostly covered in sharp spines.
Your presence sometimes corrodes or deforms those you injure.
You can speak a Word of Chaos.
You are strong-willed. (Will+)


Message History

You block the eidolon's attack. The vampire mage hits you.
* * * LOW HITPOINT WARNING * * *
The vampire mage bites you but does no damage.
Casting: Ozocubu's Refrigeration (dangerous; 1% risk of failure)
Confirm with . or Enter, or press ? or * to list all spells.
The heat is drained from your surroundings.
The shadow wraith is heavily damaged.
The mummy resists.
Your corrupting presence corrodes the mummy!
The mummy is almost destroyed.
The vampire mage resists.
The vampire mage is moderately damaged.
The eidolon is struck by your spines. The eidolon hits you!
* * * LOW HITPOINT WARNING * * *
The eidolon drains your vigour!
You feel as though you will be slow longer.
The eidolon hits you.
* * * LOW HITPOINT WARNING * * *
You feel clumsy.
The vampire mage is struck by your spines.
The vampire mage closely misses you. The vampire mage barely misses you.
Casting: Ozocubu's Refrigeration (dangerous; 1% risk of failure)
Confirm with . or Enter, or press ? or * to list all spells.
You erupt in a blast of force!
The mystic blast hits the shadow wraith!
The shadow wraith is severely damaged.
The shadow wraith is knocked back by the mystic blast.
The mystic blast hits the mummy!
You destroy the mummy!
The mummy disappears in a puff of smoke!
The mystic blast hits the eidolon!
The eidolon is severely damaged.
The eidolon is knocked back by the mystic blast.
The mystic blast hits the vampire mage.
The vampire mage is heavily damaged.
The vampire mage is knocked back by the mystic blast.
The eidolon stares piercingly at you. The bolt of negative energy hits you!!
You feel drained.
You die...
Your body crumbles into a pile of gold.

# .# . .# . #. .# ..#V#
.# .# ..W... .# ..#
#....ยง##.# ..# ##
.......W.#...#
..##############@##...#
................$.....#
......................#
......................#
......................#
...............$......#
.......#######'#......#
.......#.......#......#
.......#.......#......#


You could see an eidolon, a vampire mage (invisible) and a shadow wraith
(summoned, invisible).

Vanquished Creatures
  A golden dragon (Depths:1)
  A tentacled monstrosity (Swamp:4)
  A thorn hunter (Swamp:3)
  Kirke (D:12)
  6 nagarajas
  A fire giant (Depths:1)
  A deep elf sorcerer (Elf:1)
  3 vault wardens
  3 frost giants (Depths:1)
  2 deep elf elementalists
  Aizul (Snake:1)
  9 ironbound preservers
  8 very ugly things
  7 stone giants
  6 ironbound thunderhulks
  Azrael (Lair:3)
  4 bunyips
  Nessos (D:15)
  An entropy weaver (Vaults:1)
  8 eleionomae
  10 dire elephants
  4 deep elf annihilators
  A deep elf death mage (Elf:1)
  4 ettins
  An eidolon (Vaults:2)
  A yaktaur captain (Vaults:1)
  4 fire dragons
  3 great orbs of eyes (Vaults:1)
  2 jiangshi
  Josephine (Orc:1)
  5 boulder beetles
  25 hydras
  A merfolk javelineer (Depths:1)
  A shambling mangrove (Swamp:3)
  An ice dragon (D:15)
  3 spriggan air magi
  5 salamander tyrants
  A ghost crab (Swamp:3)
  A catoblepas (Lair:3)
  2 vault guards (Vaults:1)
  10 centaur warriors
  11 alligators
  21 naga warriors
  12 anacondas
  7 deep troll shamans (Depths:1)
  10 dancing weapons
  9 death yaks
  2 two-headed ogres
  4 deep troll earth magi
  6 tengu warriors
  12 naga sharpshooters
  4 spriggan berserkers (Swamp:3)
  2 orc high priests
  A vampire mage (Depths:1)
  4 thrashing horrors (Lair:5)
  17 shock serpents
  8 deep elf knights
  12 salamander mystics
  A soul eater (Vaults:2)
  7 goliath frogs
  6 iron trolls
  35 deep trolls
  A fire crab (Swamp:4)
  A flayed ghost (Depths:1)
  A glowing orange brain (Vaults:2)
  A phantasmal warrior (Vaults:2)
  4 spriggan druids
  8 bog bodies
  4 naga ritualists
  20 lindwurms
  5 wizards
  15 swamp dragons
  8 deep elf zephyrmancers
  A necromancer (D:15)
  8 ironbound convokers
  11 deep elf archers
  2 orc knights
  12 deep elf pyromancers
  33 ugly things
  8 orc sorcerers
  An oklob plant (Lair:3)
  7 will-o-the-wisps
  5 mana vipers
  3 manticores
  6 cyclopes
  35 salamanders
  3 large abominations (Lair:5)
  9 guardian serpents
  A molten gargoyle (Depths:1)
  41 black mambas
  11 naga magi
  Maurice (Orc:1)
  12 cane toads
  An unseen horror (shapeshifter) (D:13)
  8 vault sentinels
  4 smoke demons (Lair:5)
  3 unseen horrors (D:12)
  A torpor snail (Lair:1)
  9 komodo dragons
  19 yaktaurs
  An efreet (D:14)
  3 gargoyles
  2 ancient zymes (Lair:5)
  2 kobold demonologists
  3 tengu conjurers
  4 tyrant leeches
  A troll (shapeshifter) (Elf:1)
  3 bloated husks
  4 trolls
  A meliai (shapeshifter) (Depths:1)
  4 polar bears
  9 blink frogs (Lair:5)
  10 hornets
  20 slime creatures
  6 dream sheep (Lair:5)
  4 air elementals (Elf:1)
  2 centaur simulacra
  A ynoxinul (Lair:5)
  9 water elementals
  2 wyverns
  7 wraiths
  7 spriggans
  2 hogs (D:12)
  78 yaks
  2 vampires
  4 basilisks
  4 fire elementals
  A chaos spawn (Lair:5)
  2 hogs (shapeshifter)
  9 vampire mosquitoes
  2 steam dragons (Swamp:4)
  A warg (D:15)
  15 swamp worms
  35 nagas
  4 acid dragons
  13 water moccasins
  5 hell hounds (Snake:1)
  27 orc warriors
  7 swamp drakes (Swamp:4)
  2 ice beasts
  A sky beast (D:7)
  2 black bears
  17 wolves
  7 ogres
  11 centaurs
  A phantom (D:6)
  3 kobold brigands
  A necrophage (D:6)
  3 gnoll sergeants
  6 scorpions
  11 bullfrogs
  3 earth elementals
  17 wights
  15 killer bees
  A howler monkey (shapeshifter) (D:15)
  5 electric eels
  3 lava snakes
  4 hounds
  2 jellies
  2 gnoll boudas
  25 orc priests
  29 orc wizards
  2 iguanas
  10 small abominations (Lair:5)
  3 hell rats (D:9)
  36 gnolls
  6 adders
  2 river rats (D:9)
  A white imp (D:8)
  A worm (D:3)
  64 orcs
  10 endoplasms
  7 giant cockroaches
  21 goblins
  9 hobgoblins
  19 jackals
  6 quokkas
  3 ball pythons
  8 bats
  4 frilled lizards
  10 kobolds
  8 rats
  3 briar patches (Swamp:3)
  A bush (Lair:3)
  12 butterflies (Elf:2)
1399 creatures vanquished.

Vanquished Creatures (collateral kills)
  An eleionoma (Swamp:4)
1 creature vanquished.

Vanquished Creatures (others)
  3 deep elf knights (Elf:2)
  A fire elemental (Elf:1)
  2 steam dragons (Swamp:4)
  3 swamp drakes (Swamp:4)
  A centaur (D:12)
  2 orc wizards
  A butterfly (D:15)
  36 foxfires
  31 fungi
  49 plants
129 creatures vanquished.

Grand Total: 1529 creatures vanquished

Notes
Turn   | Place    | Note
-------+----------+-------------------------------------------
     0 | D:1      | croobank the Demonspawn Conjurer began the quest for the
                  | Orb.
     0 | D:1      | Reached XP level 1. HP: 13/13 MP: 3/3
   381 | D:1      | Gained mutation: You are partially covered in icy blue
                  | scales. (AC +2) [demonic ancestry]
   381 | D:1      | Reached XP level 2. HP: 19/19 MP: 0/5
   384 | D:1      | Learned a level 2 spell: Searing Ray
  1455 | D:2      | Reached XP level 3. HP: 19/25 MP: 2/6
  1470 | D:2      | Learned a level 3 spell: Dazzling Flash
  1530 | D:2      | Reached skill level 1 in Fighting
  2106 | D:2      | Gained mutation: You have large cloven feet. [demonic
                  | ancestry]
  2106 | D:2      | Reached XP level 4. HP: 30/32 MP: 0/7
  3309 | D:3      | Found a faded altar of an unknown god.
  3521 | D:3      | Gained mutation: You are partially covered in sharp spines.
                  | [demonic ancestry]
  3521 | D:3      | Reached XP level 5. HP: 37/38 MP: 6/9
  4658 | D:4      | Reached skill level 1 in Hexes
  4658 | D:4      | Gained mutation: You sometimes gain a little power by
                  | taking damage. [demonic ancestry]
  4658 | D:4      | Reached XP level 6. HP: 46/46 MP: 2/10
  5295 | D:4      | Found a hide-covered altar of Uskayaw.
  5504 | D:5      | Entered Level 5 of the Dungeon
  5569 | D:5      | Noticed a wraith
  5586 | D:5      | Killed a wraith
  5587 | D:5      | Reached skill level 5 in Conjurations
  5587 | D:5      | Reached XP level 7. HP: 16/53 MP: 0/12
  5977 | D:5      | Found a hazy altar of Hepliaklqana.
  6732 | D:6      | Gained mutation: You have hoof-like feet. [demonic
                  | ancestry]
  6732 | D:6      | Reached XP level 8. HP: 59/61 MP: 2/13
  7050 | D:6      | Reached skill level 5 in Fighting
  7192 | D:6      | Found a staircase to the Ecumenical Temple.
  7209 | Temple   | Entered the Ecumenical Temple
  7264 | Temple   | Became a worshipper of Gozag Ym Sagoz the Greedy
  7609 | D:6      | Found an ancient bone altar of Kikubaaqudgha.
  7685 | D:6      | Found a basalt altar of Yredelemnul.
  7685 | D:6      | Found a bloodstained altar of Trog.
  8422 | D:7      | Reached XP level 9. HP: 69/69 MP: 9/15
  8718 | D:7      | Reached skill level 5 in Stealth
  9341 | D:8      | Noticed a two-headed ogre
  9355 | D:8      | Killed a two-headed ogre
  9356 | D:8      | Reached skill level 5 in Dodging
  9356 | D:8      | Reached skill level 5 in Spellcasting
 10229 | D:8      | Gained mutation: You have hooves in place of feet. [demonic
                  | ancestry]
 10229 | D:8      | Reached XP level 10. HP: 57/79 MP: 15/18
 10381 | D:8      | Reached skill level 5 in Hexes
 10780 | D:9      | Identified the +5 flail of True Grit {freeze, Str-5 SInv
                  | Stlth+}
 11082 | D:9      | Noticed a boulder beetle
 11269 | D:9      | Killed a boulder beetle
 11599 | D:10     | Entered Level 10 of the Dungeon
 11644 | D:10     | Found a broken altar of Ashenzari.
 11844 | D:10     | Found a flagged portal.
 11876 | Bailey   | Entered a bailey
 12313 | Bailey   | Noticed an orc high priest
 12323 | Bailey   | Killed an orc high priest
 12674 | Bailey   | Found an iron altar of Okawaru.
 12694 | Bailey   | Noticed an orange demon
 12704 | Bailey   | Gained mutation: You sometimes gain power by taking damage.
                  | [demonic ancestry]
 12704 | Bailey   | Reached XP level 11. HP: 36/89 MP: 3/20
 12973 | Bailey   | Identified the +6 morningstar of Propriety {vorpal, rC+
                  | Int+4}
 13412 | D:10     | Found a stormy altar of Qazlal.
 13921 | D:11     | Found Deewnentu's General Store.
 13931 | D:11     | Bought a scroll of enchant weapon for 127 gold pieces
 13931 | D:11     | Bought a scroll of identify for 34 gold pieces
 13931 | D:11     | Bought a scroll of identify for 34 gold pieces
 13945 | D:11     | Found a staircase to the Orcish Mines.
 14331 | D:11     | Noticed a two-headed ogre
 14341 | D:11     | Killed a two-headed ogre
 14349 | D:11     | Reached skill level 10 in Fighting
 15794 | D:12     | Acquired a staff of conjuration
 15934 | D:12     | Noticed Kirke
 15948 | D:12     | Killed Kirke
 15949 | D:12     | Reached skill level 1 in Evocations
 15949 | D:12     | Reached XP level 12. HP: 59/100 MP: 23/23
 15951 | D:12     | Reached skill level 1 in Staves
 16207 | D:12     | Found a portal to a secret trove of treasure.
 16500 | D:13     | Noticed a boulder beetle
 16500 | D:13     | Noticed an eight-headed hydra
 17126 | D:8      | Learned a level 4 spell: Iskenderun's Mystic Blast
 17768 | D:9      | Noticed a death yak
 17768 | D:9      | Noticed a death yak
 17805 | D:8      | Killed a death yak
 17853 | D:9      | Killed a death yak
 18163 | D:9      | Found a staircase to the Lair.
 18218 | D:9      | Noticed a death yak
 18244 | D:9      | Killed a death yak
 18658 | Lair:1   | Entered Level 1 of the Lair of Beasts
 18930 | Lair:1   | Identified the +3 robe of the Wumpus {Harm}
 19874 | Lair:1   | Noticed a seven-headed hydra
 19885 | Lair:1   | Killed a seven-headed hydra
 20315 | Lair:2   | Noticed a six-headed hydra
 20391 | Lair:2   | Gained mutation: You are mostly covered in icy blue scales.
                  | (AC +3) [demonic ancestry]
 20391 | Lair:2   | Reached XP level 13. HP: 93/108 MP: 16/25
 21229 | Lair:2   | Found a staircase to the Swamp.
 21465 | Lair:2   | Identified the ring of Ijir {Will+ rCorr Slay+3}
 24011 | Lair:3   | Reached skill level 10 in Conjurations
 24170 | Lair:3   | Found a staircase to the Snake Pit.
 25677 | Lair:3   | Reached skill level 5 in Evocations
 26597 | Lair:4   | Found a staircase to the Slime Pits.
 26597 | Lair:4   | Found a viscous altar of Jiyva.
 26926 | Lair:4   | Gained mutation: Your presence sometimes corrodes those you
                  | injure. [demonic ancestry]
 26926 | Lair:4   | Reached XP level 14. HP: 108/118 MP: 26/26
 27071 | Lair:5   | Entered Level 5 of the Lair of Beasts
 27372 | Lair:5   | Reached skill level 5 in Staves
 29025 | Lair:5   | Reached skill level 10 in Stealth
 30403 | Lair:5   | Found a corrupted altar of Lugonu.
 30403 | Lair:5   | Found a one-way gate to the infinite horrors of the Abyss.
 30986 | Orc:1    | Entered Level 1 of the Orcish Mines
 30986 | Orc:1    | Found Unkad's Antique Weapon Shop.
 31047 | Orc:1    | Noticed Maurice
 31070 | Orc:1    | Killed Maurice
 31165 | Orc:1    | Noticed Josephine
 31179 | Orc:1    | Killed Josephine
 31548 | Orc:2    | Entered Level 2 of the Orcish Mines
 31579 | Orc:2    | Found Liehome's Jewellery Emporium.
 31818 | Orc:2    | Found a staircase to the Elven Halls.
 31963 | Orc:2    | Reached skill level 1 in Translocations
 32517 | Orc:1    | Paralysed by an orc sorcerer for 3 turns
 32519 | Orc:1    | Gained mutation: You are strong-willed. (Will+) [a neqoxec]
 34153 | Orc:2    | Found Binaoref's Antique Weapon Boutique.
 34153 | Orc:2    | Found Xoanegen's Assorted Antiques.
 34154 | Orc:2    | Found Xyotueribb's Distillery.
 34158 | Orc:2    | Found Qitiu's Armour Boutique.
 34164 | Orc:2    | Bought a wand of flame (5) for 101 gold pieces
 34164 | Orc:2    | Bought 2 potions of heal wounds for 290 gold pieces
 35088 | D:13     | Gained mutation: Your presence sometimes corrodes or
                  | deforms those you injure. [demonic ancestry]
 35088 | D:13     | Reached XP level 15. HP: 109/126 MP: 2/28
 36330 | D:13     | Found a gate to the Vaults.
 36482 | Orc:2    | Bought the amulet of Ascent {RegenMP Rampage Int+2 Stlth+}
                  | for 572 gold pieces
 39030 | D:15     | Entered Level 15 of the Dungeon
 39055 | D:15     | Reached skill level 10 in Dodging
 39752 | D:15     | HP: 5/127 [yaktaur/bolt (25)]
 40502 | D:15     | Reached skill level 10 in Spellcasting
 41226 | D:15     | Noticed Nessos
 41232 | D:15     | Killed Nessos
 41233 | D:15     | Reached skill level 5 in Translocations
 41235 | D:15     | Found a staircase to the Depths.
 42035 | Lair:3   | Bought the Parchment of Tainted Congelation for 792 gold
                  | pieces
 42043 | Lair:3   | Learned a level 7 spell: Ozocubu's Refrigeration
 42047 | Snake:1  | Entered Level 1 of the Snake Pit
 42060 | Snake:1  | Learned a level 5 spell: Yara's Violent Unravelling
 42080 | Lair:3   | Reached skill level 1 in Ice Magic
 42186 | Snake:1  | Noticed Azrael
 42238 | Lair:3   | Killed Azrael
 42239 | Lair:3   | Reached skill level 2 in Ice Magic
 42383 | Lair:3   | Reached skill level 3 in Ice Magic
 42929 | Snake:1  | Reached skill level 4 in Ice Magic
 43412 | Snake:1  | Reached XP level 16. HP: 119/134 MP: 24/30
 43473 | Snake:1  | Got the Compilation of Pyromania and Dislocation
 43890 | Snake:1  | Reached skill level 5 in Ice Magic
 44327 | Snake:1  | Reached skill level 6 in Ice Magic
 44935 | Snake:1  | Noticed Aizul
 44952 | Snake:1  | Killed Aizul
 45328 | Snake:2  | Reached skill level 1 in Transmutations
 45469 | Snake:2  | Noticed Rudyous's ghost (journeyman MiFi)
 45469 | Snake:2  | Found a runed translucent gate.
 45478 | Snake:2  | Found a runed translucent gate.
 45516 | Snake:2  | Got Sif Muna's Spellbook of the Unstable Nimbus
 45640 | Snake:2  | Found Ushovi's Magic Scroll Shoppe.
 45680 | Snake:2  | Bought a scroll of blinking for 135 gold pieces
 45680 | Snake:2  | Bought a scroll of acquirement for 936 gold pieces
 45680 | Snake:2  | Bought a scroll of enchant armour for 135 gold pieces
 45680 | Snake:2  | Bought a scroll of enchant weapon for 135 gold pieces
 45682 | Snake:2  | Acquired the +0 pair of gloves of Gourefe Zubb {rPois
                  | Will+}
 46320 | Snake:2  | Found a runed translucent gate.
 46507 | Snake:2  | Reached skill level 5 in Transmutations
 48584 | Snake:3  | Found a sparkling altar of Nemelex Xobeh.
 49277 | Snake:3  | Noticed Vashnia
 49786 | Snake:4  | Entered Level 4 of the Snake Pit
 50211 | Snake:3  | Reached skill level 7 in Ice Magic
 50943 | Snake:2  | Learned a level 3 spell: Tukima's Dance
 50947 | Snake:2  | Learned a level 3 spell: Mephitic Cloud
 51631 | Snake:2  | Learned a level 3 spell: Swiftness
 55347 | Snake:2  | Learned a level 3 spell: Ignite Poison
 55376 | Snake:3  | HP: 4/134 [Vashnia/bolt (6)]
 58479 | Snake:4  | Gained mutation: You are mostly covered in sharp spines.
                  | [demonic ancestry]
 58479 | Snake:4  | Reached XP level 17. HP: 130/140 MP: 13/31
 59077 | Snake:4  | Found Enotwouwn's Armour Shoppe.
 59077 | Snake:4  | Found Gosi Ewourr's Assorted Antiques.
 59083 | Snake:4  | Found Pedyxist's Weapon Shoppe.
 59096 | Snake:4  | Bought a scroll of vulnerability for 156 gold pieces
 59232 | Snake:4  | Reached skill level 8 in Ice Magic
 59708 | Snake:3  | Reached skill level 1 in Shields
 61726 | Snake:4  | Reached skill level 9 in Ice Magic
 61727 | Snake:4  | Reached skill level 15 in Fighting
 61749 | Snake:4  | Got a serpentine rune of Zot
 63164 | Elf:1    | Entered Level 1 of the Elven Halls
 63178 | Elf:1    | Found Jahohoti's Jewellery Emporium.
 63179 | Elf:1    | Found Foet Rir's Book Shop.
 63180 | Elf:1    | Found Rimm's Jewellery Emporium.
 63434 | Elf:1    | Found Fisori's Neck Hole.
 64054 | Elf:1    | Reached skill level 10 in Ice Magic
 64511 | Swamp:1  | Entered Level 1 of the Swamp
 65747 | Swamp:1  | Found an ornate altar of the Wu Jian Council.
 65773 | Swamp:1  | Identified the +2 leather armour of Xion Kue {Str+3}
 65794 | Swamp:1  | Gained mutation: You can speak a Word of Chaos. [demonic
                  | ancestry]
 65794 | Swamp:1  | Reached XP level 18. HP: 142/149 MP: 28/33
 67442 | Swamp:3  | Reached skill level 11 in Ice Magic
 69718 | Swamp:3  | Reached skill level 12 in Ice Magic
 69787 | Swamp:3  | Learned a level 5 spell: Summon Forest
 70254 | Swamp:4  | Entered Level 4 of the Swamp
 70448 | Swamp:4  | Noticed a tentacled monstrosity
 70569 | Swamp:4  | Killed a tentacled monstrosity
 70918 | Swamp:4  | Reached skill level 13 in Ice Magic
 72146 | Swamp:4  | Got a decaying rune of Zot
 73516 | Elf:1    | Paralysed by an air elemental for 1 turns
 73613 | Elf:1    | Reached skill level 14 in Ice Magic
 73614 | Elf:1    | Reached XP level 19. HP: 125/155 MP: 26/36
 75104 | Elf:2    | Found a huge runed gate.
 75104 | Elf:2    | Found a huge runed gate.
 75104 | Elf:2    | Found a huge runed gate.
 75104 | Elf:2    | Found a huge runed gate.
 75104 | Elf:2    | Found a huge runed gate.
 75104 | Elf:2    | Found a huge runed gate.
 75104 | Elf:2    | Found a huge runed gate.
 75106 | Elf:2    | Found a huge runed gate.
 75107 | Elf:2    | Found a huge runed gate.
 75107 | Elf:2    | Found a huge runed gate.
 75427 | Elf:2    | Found a huge runed translucent gate.
 75427 | Elf:2    | Found a huge runed translucent gate.
 75427 | Elf:2    | Found a huge runed translucent gate.
 75427 | Elf:2    | Found a huge runed translucent gate.
 75427 | Elf:2    | Found a huge runed translucent gate.
 75717 | Elf:2    | Acquired 1161 gold pieces
 75719 | Elf:2    | Acquired a staff of cold
 75753 | Elf:2    | Found a huge runed gate.
 75753 | Elf:2    | Found a huge runed gate.
 75753 | Elf:2    | Found a huge runed gate.
 75753 | Elf:2    | Found a huge runed gate.
 75755 | Elf:2    | Found a huge runed gate.
 75756 | Elf:2    | Found a huge runed gate.
 75757 | Elf:2    | Found a huge runed gate.
 75758 | Elf:2    | Found a huge runed gate.
 75759 | Elf:2    | Found a huge runed gate.
 75778 | Elf:2    | Found a huge runed gate.
 75779 | Elf:2    | Found a huge runed gate.
 75779 | Elf:2    | Found a huge runed gate.
 75780 | Elf:2    | Found a huge runed gate.
 75781 | Elf:2    | Found a huge runed gate.
 75782 | Elf:2    | Found a huge runed gate.
 75783 | Elf:2    | Found a huge runed gate.
 75794 | Elf:2    | Found a huge runed gate.
 75794 | Elf:2    | Found a huge runed gate.
 76125 | Depths:1 | Entered Level 1 of the Depths
 76176 | Depths:1 | Reached skill level 15 in Ice Magic
 78265 | Depths:1 | Noticed a golden dragon
 78272 | Depths:1 | Killed a golden dragon
 78621 | Depths:1 | Identified the +4 war axe of the Writhing Gods {antimagic,
                  | rC+ rN+ SInv}
 79220 | Depths:1 | HP: 2/155 [spriggan air mage/the air (23)]
 80008 | Depths:1 | Found a one-way gateway to a ziggurat.
 80195 | Depths:1 | Identified the +9 dagger "Woarchaf" {vorpal, rPois MP+9
                  | Dex-5 SInv}
 80975 | Vaults:1 | Entered Level 1 of the Vaults
 81035 | Vaults:1 | Reached skill level 16 in Ice Magic
 82772 | Vaults:1 | Gained mutation: You are completely covered in icy blue
                  | scales. (AC +4, rC+) [demonic ancestry]
 82772 | Vaults:1 | Reached XP level 20. HP: 100/162 MP: 15/38
 83483 | Vaults:1 | Found a transporter.
 83533 | Vaults:1 | Found a bloodstained altar of Trog.
 83533 | Vaults:1 | Found the +8 Wrath of Trog {antimagic, *Rage Rampage}
 83688 | Vaults:1 | Reached skill level 15 in Spellcasting
 83915 | Vaults:1 | Reached skill level 17 in Ice Magic
 86524 | Vaults:2 | Killed from afar by an eidolon

Illustrated notes

Levels and vault maps discovered:
D:1:      ncdulo_lavacross, layout_basic, minivault_11,
          amcnicky_mini_corridor_feature, item_on_display_a
D:2:      minmay_door_path, layout_loops_cross, grunt_decor_mini_mirrors
D:3:      layout_basic, basic_ecumenical_altar
D:4:      layout_basic, eat_drink_and_be_merry_uskayaw
D:5:      layout_rooms, nicolae_hepliaklqana_hazy_memory, minivault_27,
          chequers_serial_rivers_small_a, kennysheep_generic_room_16
D:6:      layout_basic, mainiacjoe_overflow_surrounded_room,
          mainiacjoe_overflow_large_starburst, minmay_temple_entry_glass,
          hex_tiny
D:7:      layout_loops_cross
D:8:      layout_loops_ring
D:9:      layout_loops_ring, dpeg_lair_monsters, minmay_diced_spiral
D:10:     layout_roguey, mainiacjoe_overflow_paths,
          mainiacjoe_overflow_brackets, enter_bailey_5
D:11:     layout_loops_ring, orc_0_dummy, serial_shops, nicolae_diamond_shop,
          serial_bayou_pond_d, solitary_fountain, minmay_crystal_water
D:12:     layout_cave_pools, trove_entry_hex_spiral, uniq_kirke
D:13:     layout_roguey [special_room_orc], david_vaults_4, minmay_crystal_room
D:14:     layout_loops_ring, serial_co_window_serial, co_window_paths_a,
          co_window_paths_a, co_window_corner_a, co_window_paths_b,
          co_window_corner_a, co_window_paths_b, co_window_paths_b,
          co_window_corner_b, co_window_broadway_c, co_window_unsneaky_path_d,
          co_window_broadway_b, co_window_unsneaky_path_b,
          minmay_misc_feat_rugged
D:15:     hangedman_depths_entry_civil_slaughter, layout_small_grid,
          nicolae_elyvilon_peaceful_grove, serial_co_window_serial,
          co_window_paths_b, co_window_cross_1, co_window_paths_a,
          co_window_paths_a, co_window_paths_a, co_window_corner_b,
          co_window_of_opportunity_b, co_window_unsneaky_path_d,
          co_window_4corner_b, uniq_nessos
Temple:   bh_familiar_temple
Lair:1:   layout_small_grid, serial_bayou_crossing, infiniplex_staircase_pool,
          lemuel_fruit_tree
Lair:2:   layout_hall_layers, skrybe_swamp_entry_bodies
Lair:3:   layout_loops_ring, dummy_snake_entry, columned_hall_lemuel,
          minmay_lair_oklob_items, st_stairs_13, serial_bayou_shore_a
Lair:4:   layout_cave_shapes, slime_entry_1
Lair:5:   hellmonk_lair_end_abyssal_woods, layout_loops_ring,
          nzn_sisyphean_effort
Swamp:1:  layout_basic_swamp, nicolae_swamp_godswood, swamp_pool4,
          nicolae_swamp_snake_nest
Swamp:2:  layout_falls_marsh, serial_swamp_ruin, evilmike_swamp_ruin_house_3,
          evilmike_swamp_ruin_rubble_2, swamp_pool1
Swamp:3:  nzn_winding_woodlands_medium [nzn_winding_woodlands_5x5_perimeter,
          nzn_winding_woodlands_5x15_cabin,
          nzn_winding_woodlands_5x5_checkerboard,
          nzn_winding_woodlands_hourglass,
          nzn_winding_woodlands_center_pierced_h,
          nzn_winding_woodlands_5x5_closed_star,
          nzn_winding_woodlands_5x5_three,
          nzn_winding_woodlands_5x15_concentric,
          nzn_winding_woodlands_5x5_default], layout_falls_marsh,
          hangedman_swamp_ruin_hall
Swamp:4:  swamp_fiery, layout_basic_swamp, swamp_pool3
Snake:1:  layout_layer_cave, st_stairs_11, statue_in_the_mist_lemuel,
          corexii_hall_statues_l, nicolae_snake_salamander_fort,
          grunt_megastairs_5, uniq_azrael, uniq_aizul
Snake:2:  nicolae_cobra_stairs, layout_cave_shapes, gammafunk_ghost_split,
          minmay_shop_star
Snake:3:  nicolae_snakescales, layout_concentric_octagons, basic_altar,
          uniq_vashnia
Snake:4:  snake_pit_salamanders_mu, layout_onion,
          nicolae_snake_serpentine_bazaar
Orc:1:    layout_caves, serial_shops, shop, uniq_maurice, uniq_josephine
Orc:2:    st_orc_mages, layout_caves, serial_shops, shop
Elf:1:    layout_geoelf_grid, evilmike_minifort,
          nicolae_shop_sticking_my_neck_out, minmay_shop_grove,
          grunt_megastairs_3
Elf:2:    elven_hall_of_blades_hangedman_alternative [grunt_blade_entry_basic],
          layout_rooms, not_door_vault_mu, minmay_strange_pillars, minivault_24,
          nicolae_concentric_dashed_squares_wild
Vaults:1: v_misc_12, emtedronai_trogs_sanctum, v_misc_24,
          nicolae_vaults_mini_display_case, vaults_room_corners, v_misc_4,
          vaults_mumra_hex, v_misc_23, v_rooms_4, vaults_room_pool,
          layout_vaults_omnigrid
Vaults:2: ontoclasm_vaults_ring_square, vaults_standard_mumra_lines, v_misc_29,
          minmay_crypt_entry_simple_corners, hangedman_vaults_capsules,
          st_more_cells, ontoclasm_vaults_shuriken, grunt_vaults_hallway_long,
          vaults_room_stairs_pillars, nicolae_vaults_ninety_degrees,
          grunt_vaults_hallway_short, vaults_room_pools,
          vaults_room_stairs_pillars, layout_vaults_chaotic_city, serial_shops,
          shop
Depths:1: evilmike_lava_path, layout_cave_pools, enter_ziggurat_d,
          pf_hell_entry_tar_spiral, nemelex_xobeh_ov_fountains_minmay

Skill      XL: |  1  2  3  4  5  6  7  8  9 10 11 12 13 14 15 16 17 18 19 20 |
---------------+-------------------------------------------------------------+-----
Dodging        | 2 3 4 5 6 7 8 9 10 11 | 11.5
Stealth        | 2 3 4 5 6 8 9 10 11 | 11.0
Fighting       | 1 2 3 4 6 7 9 11 12 13 14 15 | 15.0
Spellcasting   | 3 4 5 6 7 8 9 10 11 13 14 15 | 15.6
Hexes          | 1 2 3 4 5 7 8 |  8.0
Conjurations   | 5 6 7 8 9 10 11 | 11.5
Evocations     | 1 3 5 6 7 8 |  8.0
Staves         | 3 4 6 7 |  7.0
Translocations | 2 5 |  5.0
Ice Magic      | 4 7 10 14 16 17 | 17.6
Transmutations | 7 8 |  8.0
Shields        | 4 |  4.4

Action                   |  1- 3 |  4- 6 |  7- 9 | 10-12 | 13-15 | 16-18 | 19-21 || total
-------------------------+-------+-------+-------+-------+-------+-------+-------++-------
Melee: Unarmed           |    11 |       |       |       |       |       |       ||    11
       Short sword       |     7 |    33 |    32 |     1 |       |     3 |       ||    76
       Kick              |       |     9 |    39 |   190 |   220 |   208 |   107 ||   773
       Quarterstaff      |       |       |    57 |   340 |   198 |       |       ||   595
       Dagger            |       |       |       |    35 |    80 |    81 |    39 ||   235
       Flail             |       |       |       |    13 |       |       |       ||    13
       Staff             |       |       |       |    12 |   170 |   278 |   174 ||   634
       Punch             |       |       |       |       |     4 |       |       ||     4
       Morningstar       |       |       |       |       |       |    21 |     2 ||    23
       Scimitar          |       |       |       |       |       |   113 |     4 ||   117
Throw: Throwing net      |       |       |       |       |       |       |     2 ||     2
 Cast: Magic Dart        |    52 |    54 |    37 |    34 |   150 |   271 |    34 ||   632
       Searing Ray       |    10 |    34 |    35 |    42 |   199 |   242 |    35 ||   597
       Dazzling Flash    |       |     1 |     3 |    14 |    18 |    25 |     1 ||    62
       Iskenderun's Myst |       |       |       |     8 |   286 |   377 |   117 ||   788
       Yara's Violent Un |       |       |       |       |       |    52 |     3 ||    55
       Tukima's Dance    |       |       |       |       |       |    12 |     1 ||    13
       Swiftness         |       |       |       |       |       |    15 |       ||    15
       Mephitic Cloud    |       |       |       |       |       |    16 |     1 ||    17
       Ignite Poison     |       |       |       |       |       |     9 |     1 ||    10
       Ozocubu's Refrige |       |       |       |       |       |     2 |   219 ||   221
       Summon Forest     |       |       |       |       |       |     2 |       ||     2
Invok: Call Merchant     |       |       |       |       |     1 |       |       ||     1
       Potion Petition   |       |       |       |       |       |     4 |     1 ||     5
Evoke: Wand              |       |       |     1 |     9 |     4 |     5 |     3 ||    22
       Phial of floods   |       |       |       |       |       |       |     1 ||     1
  Use: Potion            |       |     1 |       |     4 |     9 |    16 |     3 ||    33
       Scroll            |       |     6 |     8 |    17 |    14 |    18 |     7 ||    70
 Stab: Sleeping          |     1 |     9 |     4 |    20 |    17 |    18 |    10 ||    79
       Distracted        |       |       |       |     8 |    11 |     8 |     4 ||    31
       Invisible         |       |       |       |     5 |     6 |    10 |       ||    21
Armor: Robe              |     3 |    15 |    48 |   158 |   187 |   348 |    89 ||   848
Dodge: Dodged            |    20 |    35 |    83 |   345 |   505 |   699 |   215 ||  1902
Block: Buckler           |       |       |       |       |    41 |   338 |   139 ||   518
